 Dungeon Crawl Stone Soup version 0.30.1-3-gfc49f6343a (webtiles) character file.

Game seed: 10560157861054657727

1730 Wiggles the Cleaver (level 8, -4/66 HPs)
             Began as a Minotaur Berserker on July 29, 2023.
             Was a Priest of Trog.
             Slain by an orc warrior
             ... wielding a +1 mace of distortion
              (18 damage)
             ... on level 6 of the Dungeon.
             The game lasted 00:10:12 (4541 turns).

Wiggles the Cleaver (Minotaur Berserker)            Turns: 4541, Time: 00:10:13

Health: -4/66      AC:  8    Str: 25    XL:     8   Next: 76%
Magic:  7/7        EV: 10    Int:  4    God:    Trog [***...]
Gold:   34         SH:  7    Dex: 13    Spells: 7/7 levels left

rFire   + + .        E - +7 war axe "Xeubaim" {heavy, Str+2 Dex+2}
rCold   + . .        h - +0 kite shield
rNeg    + . .        w - +3 ring mail of Instinct {rF+ rC+ Regen+}
rPois   .            (helmet restricted)
rElec   .            z - scarf "Tiewneg" {repulsion, rF+ rCorr}
rCorr   +            (no gloves)
SInv    .            (no boots)
Will    .....        B - amulet of regeneration
Stlth   +            p - ring of positive energy
HPRegen 1.91/turn    (no ring)
MPRegen 0.10/turn

%: repel missiles
@: no status effects
A: horns 2, retaliatory headbutt
a: Renounce Religion, Berserk, Trog's Hand


You were on level 6 of the Dungeon.
You worshipped Trog.
Trog was most pleased with you.
You visited 1 branch of the dungeon, and saw 6 of its levels.

You collected 326 gold pieces.
You spent 292 gold pieces at shops.

Inventory:

Hand Weapons
 t - a +0 war axe
 E - the +7 war axe "Xeubaim" (weapon) {heavy, Str+2 Dex+2}
   (You bought it in a shop on level 5 of the Dungeon)

   Str:       It affects your strength (+2).
   Dex:       It affects your dexterity (+2).
Missiles
 q - 5 boomerangs (quivered)
Armour
 h - a +0 kite shield (worn)
 w - the +3 ring mail of Instinct (worn) {rF+ rC+ Regen+}
   (You found it on level 3 of the Dungeon)

   rF:        It protects you from fire.
   rC:        It protects you from cold.
   Regen:     It increases your rate of health regeneration.
 z - the scarf "Tiewneg" (worn) {repulsion, rF+ rCorr}
   (You found it on level 4 of the Dungeon)

   rF:        It protects you from fire.
   rCorr:     It protects you from acid and corrosion.
Jewellery
 e - a ring of ice
 p - a ring of positive energy (left hand)
 A - an amulet of reflection
 B - an amulet of regeneration (around neck)
Wands
 s - a wand of paralysis (11)
Scrolls
 a - 3 scrolls of enchant armour {unknown}
 b - 4 scrolls of teleportation
 c - a scroll of magic mapping {unknown}
 f - 2 scrolls of vulnerability {unknown}
 g - 2 scrolls of blinking {unknown}
 k - 5 scrolls of identify {unknown}
 l - 3 scrolls of poison {unknown}
 n - 2 scrolls of amnesia {unknown}
 o - 2 scrolls of brand weapon {unknown}
 u - 2 scrolls of enchant weapon {unknown}
 v - 2 scrolls of fog {unknown}
 y - 2 scrolls of noise {unknown}
 D - 2 scrolls of torment {unknown}
Potions
 d - a potion of mutation {unknown}
 i - 2 potions of might {unknown}
 j - 2 potions of curing {unknown}
 m - a potion of invisibility {unknown}
 r - 2 potions of haste {unknown}
 x - a potion of attraction {unknown}
 C - a potion of heal wounds {unknown}


   Skills:
 - Level 4.2 Fighting
 + Level 13.4 Axes
 - Level 2.7 Armour
 - Level 2.4 Dodging


You had 7 spell levels left.
You didn't know any spells.
Your spell library was empty.

Dungeon Overview and Level Annotations

Branches:
Dungeon (6/15)
 Temple: D:4-7

Altars:
Ashenzari
Dithmenos
Kikubaaqudgha

Shops:
D:1 [   D:3 [[[=   D:5 (

Portals:
Abyss: D:6

Annotations:
D:6 1 transporter, jujuben's ghost, novice KoEn


Innate Abilities, Weirdness & Mutations

You have a pair of horns on your head.
You reflexively headbutt those who attack you in melee.


Message History

You open the gate.
Found a whip.
Found a broken altar of Ashenzari.
There is an open gate here.
There is an open gate here.
There is an ancient bone altar of Kikubaaqudgha here.
You see here a scarf of resistance.
There is an ancient bone altar of Kikubaaqudgha here.
Partly explored, unvisited transporter.
There is an open door here.
There is an open door here.
There is a transporter landing site here.
The orc warrior shouts!
There is a transporter here.
There is a transporter here.
Jujuben's ghost turns its malevolent gaze towards you.
Jujuben's ghost whispers something so quietly that you cannot hear it.
There is a transporter here.
You enter the transporter and appear at another place.
The orc warrior hits you with a +1 mace of distortion.
Space warps around you.
You slash the orc warrior!
The orc warrior is moderately wounded.
The orc warrior hits you with a +1 mace of distortion!
You blink.
You hit the orc warrior but do no damage.
The orc warrior is moderately wounded.
The orc warrior hits you with a +1 mace of distortion.
Space warps around you.
You barely miss the orc warrior. Your headbutt misses the orc warrior.
The orc warrior is moderately wounded.
The orc warrior hits you with a +1 mace of distortion!
You barely miss the orc warrior.
The orc warrior is moderately wounded.
The orc warrior hits you with a +1 mace of distortion.
Space warps horribly around you!
* * * LOW HITPOINT WARNING * * *
The orc warrior hits you with a +1 mace of distortion.
* * * LOW HITPOINT WARNING * * *
Space warps horribly around you!!
You die...

#
#........#.....#####.##
#
#..#...<.#.#.#.###....#
#
##....................#
#....................#
#.......###..###.....#
#..###.##[####.##....#
#..#.###?..##.∩.#.....
#.©#....?###..#:#.....
#..##@^####...#.##....
##...#o..#..###...##...
#....##.##.##.#^..##...
#.....##5.©#..##W##....
####
#......#©..##..###.....
...#
#......#.##.#..........
'''###
#....###.#..##.........
.....# #....# .....
#####....# ≈≈≈≈.#
#...###(.###..##.##...#


You could see an orc warrior and a shadow imp.

Vanquished Creatures
  The ghost of turdburglar the Ruffian, an amateur TrEE (D:4)
  Sigmund (D:6)
  A water moccasin (D:5)
  A black bear (D:5)
  An ice beast (D:5)
  A centaur (D:4)
  A bullfrog (D:6)
  3 scorpions
  A howler monkey (D:5)
  4 hounds
  2 jellies
  2 orc priests
  A gnoll bouda (D:6)
  2 sleepcaps
  An iguana (D:5)
  2 orc wizards
  11 gnolls
  7 adders
  A shadow imp (D:6)
  2 white imps
  2 ufetubi
  A worm (D:2)
  2 dart slugs
  15 orcs
  4 ball pythons
  5 bats
  9 endoplasms
  7 giant cockroaches
  8 goblins
  7 hobgoblins
  4 jackals (D:1)
  8 kobolds
  3 quokkas
  3 frilled lizards
  2 rats
126 creatures vanquished.

Notes
Turn   | Place    | Note
-------+----------+-------------------------------------------
     0 | D:1      | Wiggles the Minotaur Berserker began the quest for the Orb.
     0 | D:1      | Reached XP level 1. HP: 19/19 MP: 0/0
    54 | D:1      | Found a faded altar of an unknown god.
   160 | D:1      | Reached XP level 2. HP: 19/27 MP: 1/1
   305 | D:1      | Reached skill level 4 in Axes
   492 | D:1      | Reached XP level 3. HP: 33/33 MP: 2/2
   544 | D:1      | Found Qaud's Armour Emporium.
   556 | D:1      | Bought a +0 kite shield for 54 gold pieces
   765 | D:2      | Reached ** piety under Trog
  1216 | D:3      | Reached skill level 5 in Axes
  1261 | D:3      | Reached XP level 4. HP: 40/40 MP: 3/3
  1326 | D:3      | Found Plog's Jewellery Shoppe.
  1390 | D:3      | Identified the +3 ring mail of Instinct {rF+ rC+ Regen+}
  1462 | D:3      | Found Ysovoib's Armour Emporium.
  1492 | D:3      | Found Niubbon's Armour Shoppe.
  1543 | D:3      | Found Anuicku's Armour Shoppe.
  1894 | D:4      | Reached skill level 6 in Axes
  1942 | D:4      | Reached XP level 5. HP: 46/46 MP: 4/4
  1954 | D:4      | Found a runed translucent gate.
  1955 | D:4      | Found a runed translucent gate.
  1956 | D:4      | Found a runed translucent gate.
  1960 | D:4      | Noticed turdburglar's ghost (amateur TrEE)
  1970 | D:4      | Noticed a centaur
  1981 | D:4      | Killed a centaur
  1982 | D:4      | Reached skill level 7 in Axes
  2042 | D:4      | Reached *** piety under Trog
  2044 | D:4      | Reached XP level 6. HP: 51/52 MP: 5/5
  2045 | D:4      | Identified the +9 whip "Monne" {speed, rElec}
  2151 | D:4      | Reached skill level 8 in Axes
  2328 | D:4      | Identified the scarf "Tiewneg" {repulsion, rF+ rCorr}
  2692 | D:4      | Killed turdburglar's ghost
  2693 | D:4      | Reached skill level 9 in Axes
  2693 | D:4      | Reached XP level 7. HP: 59/59 MP: 6/6
  2720 | D:5      | Entered Level 5 of the Dungeon
  2726 | D:5      | Reached skill level 10 in Axes
  2892 | D:5      | Reached skill level 11 in Axes
  2915 | D:5      | Reached XP level 8. HP: 66/66 MP: 7/7
  3022 | D:5      | Found Jaerghuso's Antique Weapon Shop.
  3184 | D:5      | Reached skill level 12 in Axes
  3497 | D:6      | Noticed Sigmund
  3500 | D:6      | Killed Sigmund
  3600 | D:5      | Bought a dazzling war axe for 238 gold pieces
  3600 | D:5      | Identified the +7 war axe "Xeubaim" {heavy, Str+2 Dex+2}
                  | (You bought it in a shop on level 5 of the Dungeon)
  3648 | D:6      | Reached skill level 13 in Axes
  3730 | D:6      | Found a transporter.
  3742 | D:6      | Found a transporter.
  3771 | D:6      | Noticed jujuben's ghost (novice KoEn)
  3777 | D:6      | Found a one-way gate to the infinite horrors of the Abyss.
  3969 | D:6      | Found a shadowy altar of Dithmenos.
  3985 | D:6      | Found an ancient bone altar of Kikubaaqudgha.
  4303 | D:6      | Found a broken altar of Ashenzari.
  4541 | D:6      | Slain by an orc warrior

Illustrated notes

Levels and vault maps discovered:
D:1:      spicycebolla_arrival_transporter_tutorial, layout_loops_cross,
          serial_shops, shop, hellmonk_ecumenical_altar_run_dry,
          minmay_hexomino_u4
D:2:      layout_rooms
D:3:      layout_basic, serial_shops, shop, shop, shop,
          nicolae_shop_advertising_works [nicolae_subvault_shop_adworks],
          minmay_quantized
D:4:      layout_loops_ring, ebering_ghost_rock_garden
D:5:      layout_gridville, serial_shops, nicolae_shop_stone,
          minmay_misc_feat_encased, kennysheep_pointless_box
D:6:      layout_loops_corners, mainiacjoe_overflow_alcove_2,
          mainiacjoe_overflow_alcove_4, nicolae_overflow_hidden_temple,
          gammafunk_ghost_abyssal_escape, serial_bayou_pond_d,
          amcnicky_mini_corridor_feature, uniq_sigmund

Skill      XL: |  1  2  3  4  5  6  7  8 |
---------------+-------------------------+-----
Axes           | 4 5 6 7 9 11 13 | 13.4
Fighting       | 4 |  4.2
Armour         | |  2.7
Dodging        | |  2.4

Action                     |  1- 3 |  4- 6 |  7- 9 || total
---------------------------+-------+-------+-------++-------
  Melee: Hand axe          |    78 |     4 |       ||    82
         Headbutt          |     4 |    11 |    12 ||    27
         Punch             |     1 |       |       ||     1
         War axe           |       |   107 |    71 ||   178
  Throw: Boomerang         |     3 |       |     1 ||     4
 Invoke: Berserk           |       |     1 |     1 ||     2
 Armour: Leather armour    |     7 |       |       ||     7
         Ring mail         |     7 |    50 |    34 ||    91
         Scale mail        |    16 |     1 |       ||    17
  Dodge: Dodged            |    33 |    54 |    40 ||   127
  Block: Kite shield       |     5 |    26 |    26 ||    57
